 Dungeon Crawl Stone Soup version 0.20.1-1-g8b1a95d (console) character file.

20635 vuolankoinen the Covert (level 12, -11/88 HPs)
             Began as an Octopode Enchanter on Nov 27, 2017.
             Was a High Priest of Elyvilon.
             Mangled by a seven-headed hydra (16 damage)
             ... on level 1 of the Lair of Beasts.
             The game lasted 01:16:19 (16356 turns).

vuolankoinen the Covert (Octopode Enchanter)       Turns: 16356, Time: 01:16:19

Health: -11/88     AC:  1    Str: 11    XL:     12   Next: 81%
Magic:  0/24       EV: 15    Int: 20    God:    Elyvilon [*****.]
Gold:   791        SH:  0    Dex: 13    Spells: 5/28 levels left

rFire    + . .     SeeInvis .   M - +4 scimitar (flame)
rCold    . . .     Gourm    .   (no shield)
rNeg     . . .     Faith    .   (helmet restricted)
rPois    .         Spirit   +   C - amulet of guardian spirit
rElec    .         Reflect  .   n - +2 ring of strength
rCorr    .         Harm     .   t - ring of protection from fire
MR       .....                  w - ring of flight
Stlth    ++++++....             (no ring)
Regen    0.3/turn               (no ring)
MPRegen  0.2/turn               (no ring)
                                (no ring)
                                (no ring)

@: no status effects
A: almost no armour, stealthy swim, amphibious, 8 rings, constrict 8, camouflage
1, gelatinous body 1
a: Lesser Healing, Heal Other, Purification, Greater Healing, Divine Vigour,
Divine Protection, Renounce Religion, Evoke Flight


You were on level 1 of the Lair of Beasts.
You worshipped Elyvilon.
Elyvilon was extremely pleased with you.
You were near starving.

You visited 4 branches of the dungeon, and saw 17 of its levels.

You collected 805 gold pieces.
You spent 14 gold pieces at shops.

Inventory:

Hand Weapons
 a - a +1 dagger of speed
 b - the +2 dagger "vuolankoinen's Peril" {protect, -Tele rPois Dex+4 SInv Stlth+}
   (You found it on level 6 of the Dungeon)

   It protects the one who uses it against injury (+AC on strike).
   It affects your dexterity (+4).
   It protects you from poison.
   It lets you see invisible.
   It prevents most forms of teleportation.
   It makes you more stealthy.
 K - a +4 dagger
 M - a +4 scimitar of flaming (weapon)
 N - a +2 dagger of venom
Jewellery
 n - a +2 ring of strength (left tentacle)
 t - a ring of protection from fire (right tentacle)
 w - a ring of flight (on tentacle)
 C - an amulet of guardian spirit (around mantle)
Wands
 g - a wand of confusion (27/48)
 h - a wand of paralysis (7/24)
 l - a wand of flame (30/48)
 r - a wand of enslavement (5/24)
 u - a wand of iceblast (5/15)
 A - a wand of polymorph (18/24)
 B - a wand of polymorph (11/24)
 H - a wand of flame (39/48)
 R - a wand of acid (11/15)
 S - a wand of confusion (26/48)
Scrolls
 d - 2 scrolls of recharging
 i - 4 scrolls of immolation
 j - a scroll of teleportation
 E - 5 scrolls of identify
 G - a scroll of magic mapping {unknown}
 I - 5 scrolls of remove curse
 J - a scroll of enchant armour
Potions
 e - a potion of magic
 f - 3 potions of heal wounds
 p - 2 potions of cancellation
 q - 5 potions of haste
 s - 4 potions of curing
 v - 4 potions of mutation
 x - 2 potions of brilliance
 F - 3 potions of flight
 L - a potion of berserk rage
 P - a potion of lignification
 T - a potion of ambrosia {unknown}
 U - a potion of agility {unknown}
Miscellaneous
 O - a phial of floods (inert)
Comestibles
 c - 6 bread rations
 k - 3 fruits
 z - 6 royal jellies
 D - 6 meat rations


   Skills:
 * Level 10.3 Fighting
 * Level 9.0 Short Blades
 - Level 5.0 Dodging
 - Level 13.5 Stealth
 + Level 8.6 Spellcasting
 * Level 2.7 Conjurations
 + Level 6.5 Hexes
 + Level 0.2 Summonings
 * Level 3.4 Fire Magic
 - Level 2.0 Ice Magic
 + Level 0.9 Evocations


You had 5 spell levels left.
You knew the following spells:

 Your Spells              Type           Power        Failure   Level  Hunger
a - Corona                Hex            ####...      1%          1    None
b - Ensorcelled Hibernat  Hex/Ice        ####..       1%          2    None
c - Confuse               Hex            ####....     1%          3    None
d - Tukima's Dance        Hex            ####....     1%          3    None
e - Apportation           Tloc           #.....       9%          1    None
f - Summon Butterflies    Summ           #.......     8%          1    None
g - Conjure Flame         Conj/Fire      ###.....     7%          3    None
h - Sticky Flame          Conj/Fire      ###.....     22%         4    ###....
i - Fireball              Conj/Fire      ###.......   52%         5    #####..


Dungeon Overview and Level Annotations

Branches:
Dungeon (9/15)             Temple (1/1) D:5            Lair (6/6) D:9
 Shoals (0/4) Lair:4        Snake (0/4) Lair:2        Slime (1/5) Lair:6
    Orc: D:9-12

Altars:
Ashenzari
Cheibriados
Elyvilon
Fedhas
Gozag
Hepliaklqana
Kikubaaqudgha
Makhleb
Nemelex Xobeh
Okawaru
Qazlal
Ru
Sif Muna
Trog
Uskayaw
Vehumet
Xom
Yredelemnul
Zin
The Shining One

Shops:
D:6 !

Annotations:
D:6 Prince Ribbit
D:9 exclusion: wyvern
Lair:1 pino 1
Lair:2 exclusions: electric eel, hydra and naga, Harold
Lair:4 death y, Rupert
Lair:5 Nessos
Lair:6 exclusion: 3 oklob plants


Innate Abilities, Weirdness & Mutations

You cannot wear most types of armour.
You are very stealthy in the water. (Stealth+)
You are amphibious.
You can wear up to eight rings at the same time.
You can use your tentacles to constrict eight enemies at once.
Your skin changes colour to match your surroundings (Stealth+).
Your rubbery body absorbs attacks. (AC +1, EV +1)


Message History

You squeeze the porcupine.
The porcupine is heavily wounded.
The porcupine closely misses you.
You barely miss the porcupine. Your squeeze misses the porcupine.
The porcupine is heavily wounded.
The porcupine closely misses you. The porcupine bites you!
You are struck by the porcupine's spines.
You hit the porcupine. You burn the porcupine. You squeeze the porcupine.
You kill the porcupine!
The seven-headed hydra closely misses you.
The seven-headed hydra bites you! x2
* * * LOW HITPOINT WARNING * * *
The seven-headed hydra bites you!
* * * LOW HITPOINT WARNING * * *
The seven-headed hydra bites you!
* * * LOW HITPOINT WARNING * * *
The seven-headed hydra bites you!
* * * LOW HITPOINT WARNING * * *
The seven-headed hydra bites you!
You die...

##[#####........##
#..#.###........##
##...#P##........##
#.....###........####
###....###.........P#
##...# ##.........##
##..##
##.........####
##..####.............
##..#.......###.##.#
##....###.## ######
#@D..# ### #....##
#.....# ##.....##
######.....<.#
#.........:.##
##...........#
#............##
##.............#
#.............##
##..............#


You could see a seven-headed hydra.

Vanquished Creatures
  3 hydras (Lair:5)
  Erica (D:8)
  A two-headed ogre (D:8)
  3 death yaks (Lair:6)
  The ghost of Regeox the Slicer, a novice DsCK of Xom (D:8)
  3 black mambas
  5 spiny frogs
  A rime drake (Lair:3)
  2 komodo dragons
  Grinder (D:5)
  5 blink frogs (Lair:1)
  2 hippogriffs
  A wyvern (Lair:4)
  13 yaks
  2 basilisks (Lair:5)
  Grum (D:8)
  A steam dragon (D:7)
  Menkaure (D:5)
  A hungry ghost (D:8)
  Edmund (D:5)
  4 water moccasins
  8 porcupines
  An orc warrior (D:8)
  2 ice beasts (D:7)
  3 sky beasts (D:7)
  A necrophage (D:8)
  3 ogres
  An eye of draining (D:8)
  A phantom (D:6)
  7 centaurs
  10 wolves
  9 crocodiles
  A big kobold (D:5)
  Blork the orc (D:4)
  A gnoll sergeant (D:7)
  11 bullfrogs
  A water moccasin skeleton (D:7)
  7 killer bees
  3 scorpions
  4 wights
  An electric eel (Lair:2)
  2 centaur zombies
  6 crimson imps
  4 hounds
  3 jellies
  A quasit (D:5)
  2 bullfrog zombies
  5 orc priests
  Crazy Yiuf (D:4)
  A centaur skeleton (D:5)
  5 orc wizards
  A bullfrog skeleton (D:4)
  Ijyb (D:4)
  4 iguanas
  6 hell rats (Lair:3)
  4 worker ants
  2 hound skeletons
  6 gnolls
  10 adders
  4 oozes
  An adder zombie (D:7)
  4 dart slugs
  4 leopard geckos
  35 orcs
  9 bats
  3 giant cockroaches
  8 goblins
  4 hobgoblins
  3 jackals (D:2)
  5 quokkas
  A ball python (Temple)
  2 frilled lizards
  A jackal zombie (D:5)
  6 kobolds
  6 rats
289 creatures vanquished.

Vanquished Creatures (others)
  A wolf (Lair:2)
  A hell rat (Lair:3)
  4 fungi
  9 plants
15 creatures vanquished.

Grand Total: 304 creatures vanquished

Notes
Turn   | Place    | Note
-------+----------+-------------------------------------------
     0 | D:1      | vuolankoinen the Octopode Enchanter began the quest for the Orb.
     0 | D:1      | Reached XP level 1. HP: 11/11 MP: 3/3
    69 | D:1      | Reached skill level 1 in Fighting
    71 | D:1      | Reached XP level 2. HP: 3/18 MP: 5/5
   525 | D:1      | Reached XP level 3. HP: 20/24 MP: 6/6
  1237 | D:2      | Reached skill level 5 in Stealth
  1329 | D:2      | Learned a level 2 spell: Ensorcelled Hibernation
  1333 | D:2      | Learned a level 3 spell: Confuse
  1435 | D:2      | Reached XP level 4. HP: 22/30 MP: 7/7
  2862 | D:3      | Reached XP level 5. HP: 29/36 MP: 0/8
  3062 | D:4      | Noticed Blork the orc
  3200 | D:4      | Noticed a phantom
  3212 | D:4      | Reached skill level 6 in Stealth
  3246 | D:4      | Noticed Ijyb
  3900 | D:4      | Found an opulent altar of Gozag.
  3995 | D:4      | Reached skill level 1 in Ice Magic
  3995 | D:4      | Reached XP level 6. HP: 42/42 MP: 3/9
  4091 | D:4      | Found a runed door.
  4093 | D:4      | Got a steaming mace
  4097 | D:4      | Noticed Crazy Yiuf
  4105 | D:4      | Killed Crazy Yiuf
  4159 | D:4      | Killed Blork the orc
  4159 | D:4      | Reached skill level 7 in Stealth
  4322 | D:4      | Found a bloodstained altar of Trog.
  4436 | D:5      | Entered Level 5 of the Dungeon
  4472 | D:5      | Noticed Grinder
  4478 | D:5      | Killed Grinder
  4478 | D:5      | Reached skill level 8 in Stealth
  4478 | D:5      | Reached XP level 7. HP: 44/48 MP: 1/10
  4566 | D:5      | Noticed Edmund
  4864 | D:5      | Found a hazy altar of Hepliaklqana.
  4893 | D:5      | Found a sparkling altar of Nemelex Xobeh.
  4907 | D:5      | Reached skill level 9 in Stealth
  5152 | D:5      | Reached XP level 8. HP: 41/54 MP: 9/11
  5153 | D:5      | Found a staircase to the Ecumenical Temple.
  5170 | Temple   | Entered the Ecumenical Temple
  5376 | Temple   | Became a worshipper of Elyvilon the Healer
  5502 | D:5      | Noticed Menkaure
  5857 | D:4      | Killed Ijyb
  5935 | D:5      | Killed Edmund
  6104 | D:6      | Reached skill level 5 in Fighting
  6134 | D:6      | Noticed Prince Ribbit
  6167 | D:6      | Found Tenou's Distillery.
  6202 | D:6      | Learned a level 3 spell: Tukima's Dance
  6256 | D:6      | Bought a potion of degeneration for 14 gold pieces
  6672 | D:7      | Reached * piety under Elyvilon
  6884 | D:7      | You fall through a shaft for 2 floors!
  6929 | D:9      | Noticed a wyvern
  6947 | D:9      | Reached XP level 9. HP: 62/62 MP: 6/16
  6991 | D:9      | Found a staircase to the Lair.
  7100 | D:8      | Noticed Regeox's ghost (novice DsCK)
  7107 | D:8      | Noticed Grum
  7110 | D:8      | Reached skill level 5 in Spellcasting
  7125 | D:8      | Killed Grum
  7518 | D:7      | Found a shattered altar of Ashenzari.
  7558 | D:7      | Reached skill level 5 in Short Blades
  7893 | D:7      | Reached ** piety under Elyvilon
  8034 | D:7      | Found a hazy altar of Hepliaklqana.
  8474 | D:7      | Found a snail-covered altar of Cheibriados.
  8721 | D:7      | Reached XP level 10. HP: 24/71 MP: 13/20
  9523 | D:5      | Killed Menkaure
  9755 | D:6      | Got a slimy dagger
  9759 | D:6      | Identified the +2 dagger "vuolankoinen's Peril" {protect, -Tele rPois Dex+4 SInv Stlth+} (You found it on level 6 of the Dungeon)
 10021 | D:8      | Noticed Erica
 10143 | D:8      | Reached skill level 10 in Stealth
 10214 | D:8      | Killed Regeox's ghost
 10294 | D:8      | Noticed a two-headed ogre
 10298 | D:8      | Killed a two-headed ogre
 10298 | D:8      | Reached skill level 11 in Stealth
 10304 | D:8      | Reached XP level 11. HP: 78/78 MP: 15/22
 10692 | D:8      | Killed Erica
 10702 | D:8      | Learned a level 1 spell: Apportation
 10773 | Lair:1   | Entered Level 1 of the Lair of Beasts
 10976 | Lair:1   | Reached *** piety under Elyvilon
 11083 | Lair:1   | Reached skill level 12 in Stealth
 11278 | Lair:1   | Noticed a seven-headed hydra
 11528 | Lair:2   | Noticed a four-headed hydra
 11752 | Lair:1   | Reached **** piety under Elyvilon
 12336 | Lair:2   | Noticed Harold
 12693 | Lair:3   | Reached skill level 13 in Stealth
 12860 | Lair:3   | Reached ***** piety under Elyvilon
 12960 | Lair:3   | Learned a level 1 spell: Summon Butterflies
 13347 | Lair:4   | Found a staircase to the Shoals.
 13372 | Lair:4   | Noticed a death yak
 13374 | Lair:4   | Noticed a death yak
 13400 | Lair:4   | Noticed Rupert
 13439 | Lair:5   | Noticed a four-headed hydra
 13451 | Lair:5   | Killed a one-headed hydra
 13451 | Lair:5   | Reached skill level 5 in Dodging
 13451 | Lair:5   | Reached XP level 12. HP: 67/87 MP: 16/24
 13557 | Lair:5   | Noticed a six-headed hydra
 13593 | Lair:5   | Learned a level 3 spell: Conjure Flame
 13598 | Lair:5   | Learned a level 4 spell: Sticky Flame
 13643 | Lair:5   | Noticed Nessos
 13736 | Lair:5   | Reached skill level 5 in Hexes
 13743 | Lair:5   | Noticed a four-headed hydra
 13750 | Lair:5   | Killed a four-headed hydra
 13750 | Lair:5   | Reached skill level 1 in Fire Magic
 13913 | Lair:5   | Reached skill level 1 in Conjurations
 14014 | Lair:5   | Killed a one-headed hydra
 14014 | Lair:5   | Reached skill level 10 in Fighting
 14017 | Lair:4   | HP: 4/87 [spiny frog (12)]
 14274 | Lair:6   | Entered Level 6 of the Lair of Beasts
 14274 | Lair:6   | Noticed a death yak
 14274 | Lair:6   | Noticed a death yak
 14275 | Lair:6   | Noticed a death yak
 14275 | Lair:6   | Noticed a death yak
 14276 | Lair:6   | Killed a death yak
 14277 | Lair:6   | Killed a death yak
 14281 | Lair:6   | Killed a death yak
 14598 | Lair:6   | Found a blossoming altar of Fedhas.
 14693 | Lair:6   | Found a staircase to the Slime Pits.
 14848 | Lair:6   | Noticed an eight-headed hydra
 15033 | Slime:1  | Entered Level 1 of the Pits of Slime
 15033 | Slime:1  | Noticed an acid blob
 15033 | Slime:1  | Noticed a great orb of eyes
 15033 | Slime:1  | Noticed a death ooze
 15033 | Slime:1  | Noticed an acid blob
 15052 | Lair:6   | Noticed a seven-headed hydra
 15063 | Lair:6   | Noticed a five-headed hydra
 15307 | Lair:6   | Noticed a six-headed hydra
 15862 | Lair:2   | Found a staircase to the Snake Pit.
 16346 | Lair:1   | Learned a level 5 spell: Fireball
 16356 | Lair:1   | Mangled by a seven-headed hydra

Skill      XL: |  1  2  3  4  5  6  7  8  9 10 11 12 |
---------------+-------------------------------------+-----
Fighting       | 1 2 3 4 6 7 8 9 10 | 10.3
Stealth        | 5 6 8 9 11 13 | 13.5
Short Blades   | 2 3 4 5 7 8 9 |  9.0
Ice Magic      | 1 2 |  2.0
Spellcasting   | 4 6 7 8 |  8.6
Dodging        | 3 4 5 |  5.0
Hexes          | 4 6 |  6.5
Fire Magic     | 3 |  3.4
Conjurations   | 2 |  2.7
Summonings     | |  0.2
Evocations     | |  0.9

Action                   |  1- 3 |  4- 6 |  7- 9 | 10-12 || total
-------------------------+-------+-------+-------+-------++-------
Melee: Dagger            |    88 |    82 |   246 |   306 ||   722
       Constrict         |    19 |    13 |    43 |    40 ||   115
       Tentacles         |    14 |    13 |    70 |    69 ||   166
       Scimitar          |       |       |    29 |    56 ||    85
 Cast: Corona            |     1 |     1 |     3 |     3 ||     8
       Ensorcelled Hiber |       |    24 |    27 |    93 ||   144
       Confuse           |       |     9 |    25 |    41 ||    75
       Summon Butterflie |       |       |       |     4 ||     4
Evoke: Wand              |       |       |       |     6 ||     6
       Phial of floods   |       |       |       |     1 ||     1
  Use: Scroll            |       |     8 |     8 |    12 ||    28
       Potion            |       |       |     4 |     3 ||     7
 Stab: Sleeping          |    11 |    22 |    18 |    83 ||   134
       Confused          |       |     2 |     5 |    14 ||    21
       Distracted        |       |       |     1 |     1 ||     2
  Eat: Chunk             |     1 |     7 |    17 |    13 ||    38
       Meat ration       |       |     1 |       |     1 ||     2
       Bread ration      |       |       |       |     1 ||     1
Armor: Skin              |     2 |     2 |     6 |    26 ||    36
Dodge: Dodged            |    49 |    43 |   124 |   243 ||   459
       Rpst.: Scimitar   |       |       |     6 |    15 ||    21
